 Dungeon Crawl Stone Soup version 0.25-a0-200-g5ba96148f3 (webtiles) character file.

Game seed: 5521480626402639779, levelgen mode: deterministic

1815 floatRand the Covert (level 8, -16/60 HPs)
             Began as a Demigod Assassin on Dec 1, 2019.
             Demolished by an orc warrior
             ... wielding a +0 trident
              (18 damage)
             ... on level 6 of the Dungeon.
             The game lasted 00:10:47 (8734 turns).

floatRand the Covert (Demigod Assassin)             Turns: 8734, Time: 00:10:48

Health: -16/60     AC:  6    Str: 16    XL:     8   Next: 54%
Magic:  10/10      EV: 14    Int: 15    God:
Gold:   377        SH:  0    Dex: 19    Spells: 7/7 levels left

rFire    + . .     SeeInvis .   e - +4 dire flail (venom)
rCold    + . .     Gourm    .   (shield currently unavailable)
rNeg     . . .     Faith    .   s - +1 leather armour {rF+}
rPois    .         Spirit   .   (no helmet)
rElec    .         Reflect  .   c - +0 cloak
rCorr    .         Harm     .   (no gloves)
MR       .....                  B - +0 pair of boots
Stlth    +++++.....             (no amulet)
HPRegen  0.20/turn              j - ring of stealth
MPRegen  0.12/turn              p - ring of protection from cold

@: no status effects
A: claws 1, high mp 1, screaming 1, MP-powered wands
a: no special abilities


You were on level 6 of the Dungeon.
You were hungry.

You visited 1 branch of the dungeon, and saw 6 of its levels.

You collected 377 gold pieces.

Inventory:

Hand Weapons
 a - a +3 dagger
 e - a +4 dire flail of venom (weapon)
 h - a +0 dagger of flaming
Missiles
 d - 8 poisoned darts (quivered)
Armour
 b - a +0 robe
 c - a +0 cloak (worn)
 l - a +0 robe of the Archmagi
 s - a +1 leather armour of fire resistance (worn)
 w - a +0 buckler
 B - a +0 pair of boots (worn)
Jewellery
 j - a ring of stealth (left claw)
 p - a ring of protection from cold (right claw)
 v - an uncursed ring of positive energy
 x - an uncursed ring of protection from fire
 A - an uncursed ring of magical power
 C - an uncursed ring of stealth
Wands
 n - a wand of polymorph (13)
 F - a wand of scattershot (6)
Scrolls
 g - a scroll of immolation
 k - 2 scrolls of remove curse
 o - 3 scrolls of enchant weapon
 t - a scroll of magic mapping
 u - a scroll of teleportation
 y - a scroll of identify
Potions
 i - 2 potions of curing
 m - a potion of ambrosia
 q - a potion of cancellation
 r - a potion of heal wounds
 z - a potion of haste
 E - a potion of resistance {unknown}
Comestibles
 f - 11 rations


   Skills:
 - Level 1.7 Fighting
 + Level 6.7 Short Blades
 - Level 1.7 Throwing
 - Level 0.1 Armour
 - Level 3.4 Dodging
 + Level 8.0 Stealth
 + Level 3.4 Shields


You had 7 spell levels left.
You didn't know any spells.
Your spell library was empty.

Dungeon Overview and Level Annotations

Branches:
Dungeon (6/15)             Temple (0/1) D:6

Annotations:
D:2 1 runed translucent door, Crazy Yiuf
D:3 1 runed translucent door, dxctxrx's ghost, amateur TeWz


Innate Abilities, Weirdness & Mutations

You have an increased reservoir of magic. (+10% MP)
You have sharp fingernails.
You occasionally shout uncontrollably at your foes.
You expend magic power (3 MP) to strengthen your wands.


Message History

You barely miss the orc warrior.
The orc warrior hits you with a +0 trident.
The orc misses you.
You puncture the orc warrior!
The orc warrior is poisoned.
The orc warrior is moderately wounded.
The orc warrior closely misses you. The orc completely misses you.
You completely miss the orc warrior.
The orc warrior is moderately wounded.
The orc warrior closely misses you. The orc misses you.
The orc warrior hits you with a +0 trident!!
* * * LOW HITPOINT WARNING * * *
Unknown command.
You are too injured to fight recklessly!
You puncture the orc warrior!
The orc warrior is severely wounded.
The orc barely misses you. The orc warrior misses you.
The orc hits you but does no damage.
You are too injured to fight recklessly!
The orc warrior hits you with a +0 trident!!
You die...

................#.⌠.⌠.#....'...#.
....[...........#.....#....#...#.
................###'###....#...#.
#######'###...[......o.....#...#.
#)...#######'#........#...#.
#............#........#...'.
#............#........#...#.
#######)).........#........#...#.
.....##.).##....@o#........#...#.
.....##...##......#........#...#.
...........#...........#####.
########## ##


You could see an orc warrior and an orc.

Vanquished Creatures
  Sigmund (D:2)
  Edmund (D:4)
  2 orc warriors
  A phantom (D:6)
  An ogre (D:4)
  A necrophage (D:6)
  A centaur (D:5)
  Blork the orc (D:4)
  A scorpion (D:6)
  3 howler monkeys
  2 crimson imps
  A jelly (D:6)
  Jessica (D:3)
  Ijyb (D:3)
  7 orc wizards
  7 worker ants
  2 iguanas
  A hound skeleton (D:6)
  11 adders
  An adder skeleton (D:4)
  A worm (D:2)
  A dart slug (D:3)
  5 leopard geckos
  22 orcs
  3 ball pythons
  6 bats
  2 giant cockroaches
  11 goblins
  10 hobgoblins
  4 jackals (D:2)
  2 quokkas (D:2)
  6 frilled lizards
  A jackal skeleton (D:4)
  6 kobolds
  5 rats
132 creatures vanquished.

Notes
Turn   | Place    | Note
-------+----------+-------------------------------------------
     0 | D:1      | floatRand the Demigod Assassin began the quest for the Orb.
     0 | D:1      | Reached XP level 1. HP: 17/17 MP: 3/3
    36 | D:1      | Reached skill level 1 in Dodging
   262 | D:1      | Reached XP level 2. HP: 21/24 MP: 4/4
  1339 | D:2      | Reached skill level 4 in Stealth
  1390 | D:2      | Reached XP level 3. HP: 20/29 MP: 5/5
  1755 | D:2      | Noticed Sigmund
  1777 | D:2      | Killed Sigmund
  1777 | D:2      | Reached XP level 4. HP: 28/36 MP: 6/6
  1777 | D:2      | Reached XP level 5. HP: 32/41 MP: 7/7
  2136 | D:2      | Found a runed translucent door.
  2137 | D:2      | Noticed Crazy Yiuf
  3098 | D:3      | Found a burning altar of Makhleb.
  3098 | D:3      | Found a basalt altar of Yredelemnul.
  3155 | D:3      | Noticed Jessica
  3158 | D:3      | Killed Jessica
  3158 | D:3      | Reached skill level 5 in Stealth
  3509 | D:3      | Noticed Ijyb
  3513 | D:3      | Killed Ijyb
  3513 | D:3      | Reached XP level 6. HP: 48/48 MP: 8/8
  3888 | D:3      | Found a runed translucent door.
  3889 | D:3      | Noticed dxctxrx's ghost (amateur TeWz)
  4793 | D:4      | Reached skill level 6 in Stealth
  4793 | D:4      | Reached XP level 7. HP: 23/53 MP: 9/9
  5025 | D:4      | Noticed Edmund
  5025 | D:4      | Noticed Blork the orc
  5079 | D:4      | Killed Blork the orc
  5101 | D:4      | Gained mutation: You occasionally shout uncontrollably at
                  | your foes. [potion of mutation]
  5101 | D:4      | Gained mutation: You expend magic power (3 MP) to
                  | strengthen your wands. [potion of mutation]
  5101 | D:4      | Gained mutation: You have sharp fingernails. [potion of
                  | mutation]
  5109 | D:4      | Killed Edmund
  5109 | D:4      | Reached skill level 5 in Short Blades
  5820 | D:4      | Found a hide-covered altar of Uskayaw.
  6169 | D:5      | Entered Level 5 of the Dungeon
  6365 | D:5      | Reached skill level 7 in Stealth
  6390 | D:5      | Reached skill level 1 in Shields
  7195 | D:6      | Reached XP level 8. HP: 58/60 MP: 10/10
  7325 | D:6      | Found a staircase to the Ecumenical Temple.
  7832 | D:6      | Found a sparkling altar of Nemelex Xobeh.
  8407 | D:6      | Reached skill level 8 in Stealth
  8732 | D:6      | HP: 2/60 [orc warrior/+0 trident (21)]
  8734 | D:6      | Demolished by an orc warrior

Levels and vault maps discovered:
D:1:      denvon_arrival_waterhouse, layout_basic, serial_park_tiny_2
D:2:      layout_basic, uniq_sigmund, uniq_crazy_yiuf_cottage
D:3:      layout_loops_corners, gammafunk_temple_overflow_wave,
          gammafunk_ghost_grave, first_ration, uniq_ijyb, uniq_jessica
D:4:      layout_cave_pods, lemuel_round_altar, grunt_ministairs_10,
          st_stairs_9, uniq_edmund, uniq_blork_the_orc
D:5:      layout_layer_cave, serial_bayou, serial_bayou_pond_e,
          serial_bayou_shore_a, serial_bayou_shore_b, serial_bayou_pond_e,
          minmay_misc_feat_rugged
D:6:      layout_gridville, minmay_temple_entry_hall, nemelex_spade_bored_becter

Skill      XL: |  1  2  3  4  5  6  7  8 |
---------------+-------------------------+-----
Dodging        | 1 2 3 |  3.4
Short Blades   | 2 3 4 5 6 |  6.7
Stealth        | 4 5 6 7 8 |  8.0
Shields        | 1 3 |  3.4
Fighting       | |  1.7
Throwing       | |  1.7
Armour         | |  0.1

Action                   |  1- 3 |  4- 6 |  7- 9 || total
-------------------------+-------+-------+-------++-------
Melee: Dagger            |   109 |   201 |    70 ||   380
       Dire flail        |       |       |   165 ||   165
Throw: Dart              |     5 |     4 |     5 ||    14
  Use: Scroll            |     1 |     7 |     9 ||    17
       Potion            |       |       |     5 ||     5
 Stab: Sleeping          |     3 |    19 |     6 ||    28
       Distracted        |       |     1 |     1 ||     2
  Eat: Chunk             |     2 |    10 |     9 ||    21
       Ration            |       |       |     1 ||     1
Armor: Robe              |    23 |     9 |       ||    32
       Leather armour    |       |    15 |    46 ||    61
       Skin              |       |       |    19 ||    19
Dodge: Dodged            |    71 |   120 |   148 ||   339

Table legend:
 A = Non-vault XP
 B = Vault XP
 C = Vault XP percentage of total XP
 D = Non-vault monster count
 E = Vault monster count
 F = Vault count percentage of total count
                 A         B        C        D         E       F
            +---------+---------+-------+---------+---------+-------
      Total |    1833 |     760 |  29.3 |     123 |       9 |   6.8
            +---------+---------+-------+---------+---------+-------
        D:1 |      35 |       0 |   0.0 |      21 |       0 |   0.0
        D:2 |      70 |     220 |  75.9 |      19 |       1 |   5.0
        D:3 |     160 |     106 |  39.8 |      30 |       3 |   9.1
        D:4 |     339 |     434 |  56.1 |      19 |       5 |  20.8
        D:5 |     413 |       0 |   0.0 |      13 |       0 |   0.0
        D:6 |     816 |       0 |   0.0 |      21 |       0 |   0.0
            +---------+---------+-------+---------+---------+-------
